 Dungeon Crawl Stone Soup version 0.31.0-12-g77e489cdc1 (webtiles) character file.

Game seed: 8386137380289454237

21 lordive the Changeling (level 2, -1/16 HPs)
             Began as a Merfolk Shapeshifter on Feb 28, 2024.
             Slain by a hobgoblin (5 damage)
             ... on level 2 of the Dungeon.
             The game lasted 00:00:58 (1003 turns).

lordive the Changeling (Merfolk Shapeshifter)       Turns: 1003, Time: 00:00:58

Health: -1/16      AC:  0    Str: 14    XL:     2   Next: 83%
Magic:  2/2        EV: 16    Int:  9    God:
Gold:   55         SH:  0    Dex: 13    Spells: 1/1 levels left

rFire   . .          .
                       - Unarmed
rCold   . . .        (shield currently unavailable)
rNeg    . . .        a - melded +0 animal skin
rPois   .            (no helmet)
rElec   .            (no cloak)
rCorr   .            (no gloves)
SInv    .            (no boots)
Will    .....        (no amulet)
Stlth   +            (no ring)
HPRegen 0.22/turn    (no ring)
MPRegen 0.08/turn

%: no passive effects
@: flux-form, glowing
A: glow, contaminating, reduced hp, (nimble swimmer 2), mertail
a: Begin Untransformation


You were on level 2 of the Dungeon.
You were something dangerously unstable.
You visited 1 branch of the dungeon, and saw 2 of its levels.

You collected 55 gold pieces.

Inventory:

Armour
 a - a +0 animal skin (melded)
 l - a +0 leather armour
Jewellery
 e - a ring of poison resistance
Talismans
 c - a beast talisman
 d - a flux talisman (active)
Scrolls
 f - 3 scrolls of identify {unknown}
 h - a scroll of teleportation {unknown}
 m - a scroll of amnesia {unknown}
Potions
 b - a potion of lignification
 g - a potion of haste {unknown}
 i - 2 potions of invisibility {unknown}
 j - a potion of might {unknown}
 k - a potion of cancellation {unknown}
 n - 2 potions of brilliance {unknown}


   Skills:
 + Level 1.2 Fighting
 + Level 3.0 Dodging
 + Level 3.6 Unarmed Combat
 + Level 4.6 Shapeshifting


You had one spell level left.
You didn't know any spells.
Your spell library contained the following spells:

 Spells                   Type           Power      Damage    Failure   Level
 Lesser Beckoning         Tloc           0%         N/A       52%         2
 Gell's Gravitas          Tloc           0%         N/A       77%         3
 Teleport Other           Tloc           0%         N/A       77%         3


Dungeon Overview and Level Annotations

Branches:
Dungeon (2/15)

Altars:
Elyvilon


Innate Abilities, Weirdness & Mutations

You are something dangerously unstable.
You glow with magical radiation, making you easy to see and hit.
Foes you strike become dangerously contaminated with magical radiation.
Your maximum health is decreased, since you lack skill for your form.
You are incapable of wielding weapons or throwing items.
((You are very nimble when in or above water. (Stealth+, EV+, Speed+++)))
Your lower body shifts to a powerful aquatic tail in water.


Message History

A hobgoblin is nearby!
A hobgoblin is nearby!
Found a scroll labelled VIRPHIE CU KAAGH.
The hobgoblin shouts!
A jackal comes into view. 2 jackals come into view.
The jackal barks! x2
A rat comes into view.
A jackal comes into view.
You barely miss the hobgoblin.
The jackal barks!
The hobgoblin misses you.
You barely miss the hobgoblin. The jackal misses you. The hobgoblin misses you.
You barely miss the hobgoblin. The hobgoblin hits you.
The jackal closely misses you.
You barely miss the hobgoblin. The jackal misses you.
The jackal closely misses you. The hobgoblin hits you.
You hit the hobgoblin but do no damage.
The hobgoblin begins to glow.
The jackal closely misses you. The jackal misses you. The hobgoblin hits you.
You are too injured to fight recklessly!
You are too injured to fight recklessly!
You are too injured to fight recklessly!
You are too injured to fight recklessly!
You are too injured to fight recklessly!
You are too injured to fight recklessly!
You are too injured to fight recklessly!
You are too injured to fight recklessly!
You are too injured to fight recklessly!
You are too injured to fight recklessly!
You are too injured to fight recklessly!
You are too injured to fight recklessly!
You are too injured to fight recklessly!
You are too injured to fight recklessly!
You are too injured to fight recklessly!
You are too injured to fight recklessly!
Unknown command.
The jackal bites you.
* * * LOW HITPOINT WARNING * * *
The hobgoblin attacks as it pursues you!
The hobgoblin hits you.
You die...

#.....................#
#.#######.......<.....#
# #.............#
#......[......#
#.............#
#.............#
#.............#
#######........._...#
#......ph...........#
#..?..hgh#####.
#.......h# #........r.
#............
#######........
#........ #........
#........


You could see 4 jackals, a hobgoblin (contam) and a rat.

Vanquished Creatures
  A dart slug (D:1)
  5 ball pythons
  3 bats (D:1)
  2 endoplasms
  A giant cockroach (D:1)
  3 kobolds (D:1)
  2 frilled lizards (D:2)
  A rat (D:1)
18 creatures vanquished.

Vanquished Creatures (others)
  A ball python (D:1)
1 creature vanquished.

Grand Total: 19 creatures vanquished

Notes
Turn   | Place    | Note
-------+----------+-------------------------------------------
     0 | D:1      | lordive the Merfolk Shapeshifter began the quest for the
                  | Orb.
     0 | D:1      | Reached XP level 1. HP: 15/15 MP: 1/1
   261 | D:1      | Found Lahut's Antique Armour Emporium.
   352 | D:1      | Found a faded altar of an unknown god.
   395 | D:1      | Reached XP level 2. HP: 10/21 MP: 2/2
   802 | D:2      | Found a white marble altar of Elyvilon.
  1003 | D:2      | Slain by a hobgoblin

Illustrated notes

Levels and vault maps discovered:
D:1:      dpeg_arrival_tiny_j, layout_basic,
          shapermc_ecumenical_altar_mp_ritualfount, serial_shops,
          nicolae_shop_tiny_waterfront
D:2:      layout_basic, basic_altar, uniq_terence

Skill      XL: |  1  2 |
---------------+-------+-----
Dodging        | 3 |  3.0
Fighting       | |  1.2
Unarmed Combat | |  3.6
Shapeshifting  | |  4.6

Action                     || total
---------------------------++-------
  Melee: Unarmed           ||    61
 Armour: Skin              ||    22
  Dodge: Dodged            ||    62
   Form: Flux              ||     1
